 Dungeon Crawl Stone Soup version 0.28.0-53-g5a82cb258f (webtiles) character file.

Game seed: 11565598026838341852

240 Peloso the Slasher (level 5, -1/53 HPs)
             Began as a Troll Fighter on June 4, 2022.
             Slain by an orc wizard
             ... wielding a +0 dagger
              (5 damage)
             ... on level 4 of the Dungeon.
             The game lasted 00:03:43 (2074 turns).

Peloso the Slasher (Troll Fighter)                  Turns: 2074, Time: 00:03:44

Health: -1/53      AC:  6    Str: 26    XL:     5   Next: 80%
Magic:  4/4        EV:  9    Int:  4    God:
Gold:   161        SH:  7    Dex:  9    Spells: 4/4 levels left

rFire   . . .      SeeInvis .   a - +0 long sword
rCold   . . .      Faith    .   c - +0 kite shield
rNeg    . . .      Spirit   .   b - +0 robe
rPois   .          Reflect  .   (helmet restricted)
rElec   .          Harm     .   l - +1 cloak
rCorr   .          Rampage  .   (gloves unavailable)
Will    .....                   (boots unavailable)
Stlth   +.........              (no amulet)
HPRegen 0.97/turn               (no ring)
MPRegen 0.09/turn               (no ring)

@: no status effects
A: large, unfitting armour, claws 3, regeneration 1, shaggy fur 1, tough skin 1
a: no special abilities


You were on level 4 of the Dungeon.
You visited 1 branch of the dungeon, and saw 4 of its levels.

You collected 161 gold pieces.

Inventory:

Hand Weapons
 a - a +0 long sword (weapon)
Armour
 b - a +0 robe (worn)
 c - a +0 kite shield (worn)
 l - a +1 cloak (worn)
Wands
 k - a wand of paralysis (5)
Scrolls
 e - 2 scrolls of teleportation {unknown}
 f - 2 scrolls of noise {unknown}
 g - 2 scrolls of vulnerability {unknown}
 i - a scroll of blinking {unknown}
 m - a scroll of magic mapping {unknown}
Potions
 d - 2 potions of might
 h - a potion of mutation {unknown}
 j - a potion of curing {unknown}
 n - a potion of heal wounds {unknown}


   Skills:
 + Level 3.3 Fighting
 + Level 3.5 Long Blades
 + Level 3.1 Dodging
 + Level 0.3 Stealth
 + Level 3.0 Shields


You had 4 spell levels left.
You didn't know any spells.
Your spell library contained the following spells:

 Spells                   Type           Power      Damage    Failure   Level
 Summon Small Mammal      Summ           0%         N/A       80%         1
 Call Canine Familiar     Summ           0%         N/A       99%         3
 Summon Guardian Golem    Hex/Summ       0%         N/A       99%         3


Dungeon Overview and Level Annotations

Branches:
Dungeon (4/15)
 Temple: D:4-7

Altars:

Shops:
D:3 [


Innate Abilities, Weirdness & Mutations

You are too large for most types of armour.
You have claws for hands.
Your natural rate of healing is unusually fast.
You are covered in fur. (AC +1)
You have tough skin. (AC +1)


Message History

You block the bullfrog skeleton's attack.
Something hits you but does no damage.
You block the bullfrog skeleton's attack.
You hear some strange, mumbled words.
A puff of flame appears from out of thin air!
The puff of flame hits you!
You barely miss the bullfrog skeleton.
The bullfrog skeleton is heavily damaged.
The bullfrog skeleton hits you. Something hits you.
The bullfrog skeleton hits you.
You barely miss the bullfrog skeleton.
The bullfrog skeleton is heavily damaged.
The bullfrog skeleton hits you. Something hits you but does no damage.
The bullfrog skeleton hits you but does no damage.
Something hits you.
You hit the bullfrog skeleton.
The bullfrog skeleton is severely damaged.
You block the bullfrog skeleton's attack.
Something hits you but does no damage.
You block the bullfrog skeleton's attack.
You hit the bullfrog skeleton.
The bullfrog skeleton is almost destroyed.
The bullfrog skeleton barely misses you.
Something hits you.
You slash the bullfrog skeleton!
You destroy the bullfrog skeleton!
Something hits you. x2
* * * LOW HITPOINT WARNING * * *
You hit something.
You hear some strange, mumbled words.
A puff of flame appears from out of thin air!
You block the puff of flame.
You hit something but do no damage. Something hits you but does no damage.
Something hits you.
* * * LOW HITPOINT WARNING * * *
You miss something. Something hits you.
* * * LOW HITPOINT WARNING * * *
You miss something. Something hits you but does no damage.
You barely miss something. Something hits you.
You die...

. ##..### #.# ##...#
#.# ##..## #.# .
##..## # ..
#...###.## ...#
##........#
#....####.........#
#.....{)..........#
#.....)@...........
....................
..................>.
......#(............
.....##............#
..... .............
##...#............
##. ............


There were no monsters in sight!

Vanquished Creatures
  An ogre (D:4)
  A bullfrog skeleton (D:4)
  Jessica (D:2)
  3 adders (D:2)
  An adder skeleton (D:4)
  A worm (D:2)
  8 orcs
  3 ball pythons
  9 endoplasms
  4 giant cockroaches
  2 goblins
  7 hobgoblins
  7 kobolds
  4 quokkas
  2 bats
  5 frilled lizards
  5 rats
64 creatures vanquished.

Notes
Turn   | Place    | Note
-------+----------+-------------------------------------------
     0 | D:1      | Peloso the Troll Fighter began the quest for the Orb.
     0 | D:1      | Reached XP level 1. HP: 22/22 MP: 0/0
   171 | D:1      | Reached XP level 2. HP: 26/29 MP: 1/1
   812 | D:1      | Found a faded altar of an unknown god.
   904 | D:2      | Reached XP level 3. HP: 18/36 MP: 2/2
   928 | D:2      | Noticed Jessica
   937 | D:2      | Killed Jessica
   966 | D:2      | Reached XP level 4. HP: 38/44 MP: 3/3
  1390 | D:3      | HP: 2/43 [orc/+2 hand axe of draining (1)]
  1582 | D:3      | Found Haokhlel's Antique Armour Shoppe.
  1820 | D:4      | Noticed an ogre
  1839 | D:4      | Killed an ogre
  1840 | D:4      | Reached XP level 5. HP: 34/53 MP: 4/4
  2072 | D:4      | HP: 2/53 [something (6)]
  2074 | D:4      | Slain by an orc wizard

Illustrated notes

Levels and vault maps discovered:
D:1:      minmay_arrival_doors, layout_basic, shapermc_ecumenical_altar_petra,
          serial_bayou_pond_a
D:2:      layout_rooms, uniq_jessica
D:3:      layout_rooms, serial_shops, nicolae_lakefront_shop
D:4:      layout_layer_cave, zin_statuary, gammafunk_ghost_icy

Skill      XL: |  1  2  3  4 |
---------------+-------------+-----
Long Blades    | 2 3 |  3.5
Fighting       | 3 |  3.3
Dodging        | 3 |  3.1
Shields        | 3 |  3.0
Stealth        | |  0.3

Action                   |  1- 3 |  4- 6 || total
-------------------------+-------+-------++-------
Melee: Long sword        |    85 |   113 ||   198
Armor: Robe              |    31 |    46 ||    77
Dodge: Dodged            |    31 |    55 ||    86
Block: Kite shield       |    33 |    49 ||    82
